 Dungeon Crawl Stone Soup version 0.20.1-1-g8b1a95d (webtiles) character file.

2703 Liatris the Cutter (level 9, -4/68 HPs)
             Began as a Demonspawn Gladiator on Aug 13, 2017.
             Was a Priest of Uskayaw.
             Killed from afar by Erica (18 damage)
             ... with a bolt of poison
             ... on level 8 of the Dungeon.
             The game lasted 00:43:12 (6790 turns).

Liatris the Cutter (Demonspawn Gladiator)           Turns: 6790, Time: 00:43:12

Health: -4/68      AC: 15    Str: 16      XL:     9   Next: 38%
Magic:  0/9        EV: 12    Int:  7 (9)  God:    Uskayaw [***...]
Gold:   317        SH:  0    Dex: 15 (17) Spells: 8/8 levels left

rFire    . . .     SeeInvis .   l - +5 short sword (speed)
rCold    . . .     Gourm    .   (no shield)
rNeg     . . .     Faith    .   m - +3 scale mail
rPois    .         Spirit   +   (helmet restricted)
rElec    .         Reflect  .   (no cloak)
rCorr    .         Harm     .   h - +0 pair of gloves
MR       .....                  (no boots)
Stlth    +.........             t - amulet of guardian spirit
Regen    0.3/turn               (no ring)
MPRegen  0.2/turn               (no ring)

@: lethally poisoned (-4 -> -21)
A: claws 1, horns 1, iridescent scales 2, blurry vision 2, demonic guardian 1,
powered by death 2
a: Stomp, Line Pass, Renounce Religion


You were on level 8 of the Dungeon.
You worshipped Uskayaw.
Uskayaw was noncommittal.
You were not hungry.

You visited 2 branches of the dungeon, and saw 9 of its levels.

You collected 317 gold pieces.

Inventory:

Hand Weapons
 a - a +1 war axe
 g - a +0 whip of draining
 i - a +2 dagger of venom
 l - a +5 short sword of speed (weapon)
Missiles
 d - 3 throwing nets (quivered)
Armour
 b - a +1 leather armour
 c - a +0 helmet
 h - a +0 pair of gloves (worn)
 m - a +3 scale mail (worn)
Jewellery
 t - an amulet of guardian spirit (around neck)
 u - an uncursed ring of wizardry
 x - an uncursed amulet of the gourmand
Wands
 n - a wand of iceblast (7/15)
 o - a wand of polymorph (13/24)
Scrolls
 e - 3 scrolls of magic mapping
 j - a scroll of teleportation
 k - a scroll of identify
 r - a scroll of remove curse
 s - a scroll of enchant armour
 v - 2 scrolls of enchant weapon
Potions
 w - a potion of curing
Books
 p - a book of Geomancy

   Spells                             Type                      Level
   a - Sandblast                      Earth                        1
   b - Passwall                       Transmutation/Earth          2
   c - Stone Arrow                    Conjuration/Earth            3
   d - Petrify                        Transmutation/Earth          4
   e - Lee's Rapid Deconstruction     Earth                        5
 q - a book of Changes

   Spells                             Type                      Level
   a - Beastly Appendage              Transmutation                1
   b - Sticks to Snakes               Transmutation                2
   c - Spider Form                    Transmutation/Poison         3
   d - Ice Form                       Ice/Transmutation            4
   e - Blade Hands                    Transmutation                5
Comestibles
 f - a bread ration
 z - a meat ration
 A - a royal jelly


   Skills:
 + Level 5.2 Fighting
 + Level 7.2 Short Blades
 + Level 4.8 Axes
 + Level 2.0 Throwing
 + Level 5.1 Armour
 + Level 4.2 Dodging
 + Level 2.6 Stealth
 + Level 0.6 Evocations


You had 8 spell levels left.
You didn't know any spells.

Dungeon Overview and Level Annotations

Branches:
Dungeon (8/15)             Temple (1/1) D:6
   Lair: D:8-11

Altars:
Ashenzari
Cheibriados
Dithmenos
Elyvilon
Fedhas
Gozag
Kikubaaqudgha
Nemelex Xobeh
Ru
Trog
Uskayaw
Vehumet
Xom
Yredelemnul
Zin
The Shining One

Annotations:
D:5 Menkaure
D:8 Erica, Grum


Innate Abilities, Weirdness & Mutations

You have sharp fingernails.
You are mostly covered in iridescent scales. (AC +4)
A weak demonic guardian rushes to your aid.
You regenerate health from kills.
You have a pair of small horns on your head.
Scrolls take you longer to read.


Message History

Uskayaw prepares the audience for your solo!
You puncture something!
You feel sick.
You hit something but do no damage. You headbutt something.
Grum is no longer paralysed.
The wolf is no longer paralysed. x2
You hear some strange, mumbled words.
An orb of energy appears from out of thin air!
The orb of energy misses you. The orb of energy hits your white imp.
Your white imp dies!
You hit something.
You feel sick.
Really read with blurry vision while enemies are nearby?
You feel sick. Something hits you.
* * * LOW HITPOINT WARNING * * *
Something burns you.
* * * LOW HITPOINT WARNING * * *
You begin reading the scroll.
You continue reading the scroll.
You hear some strange, mumbled words.
A bolt of poison appears from out of thin air!
The bolt of poison hits you!
You are lethally poisoned!
You die...

#.......#
#.#
#.......#
#.#
#....####
#.#
#....#
#.#
#....#
#.#
......
#.#
.#....#
#.# #.#
#@# #{#
#h#


Zg# hh# #..# .... .... You could see Grum, 3 wolves and an adder skeleton.

Vanquished Creatures
  Prince Ribbit (D:7)
  Eustachio (D:6)
  A hungry ghost (D:7)
  Duvessa (D:7)
  3 orc warriors
  An ogre (D:7)
  A necrophage (D:7)
  A centaur (D:7)
  A phantom (D:4)
  A bullfrog (D:7)
  Dowan (D:7)
  A howler monkey (D:5)
  3 crimson imps (D:5)
  4 hounds
  A jelly (D:8)
  4 orc priests
  A quasit (D:5)
  A bullfrog skeleton (D:5)
  An iguana (D:4)
  5 orc wizards
  3 worker ants
  A hound skeleton (D:4)
  A gnoll (D:5)
  10 adders
  A river rat (D:5)
  2 shadow imps
  2 adder zombies
  3 worms
  2 dart slugs
  5 leopard geckos
  15 orcs
  4 bats
  4 giant cockroaches
  5 goblins
  6 hobgoblins
  7 jackals
  4 quokkas
  3 ball pythons (D:5)
  A ball python skeleton (D:4)
  7 frilled lizards
  A giant cockroach zombie (D:6)
  5 kobolds
  A leopard gecko skeleton (D:6)
  A quokka zombie (D:5)
  11 rats
139 creatures vanquished.

Vanquished Creatures (collateral kills)
  Pikel (D:6)
  Sigmund (D:6)
  A slave (D:6)
  An orc priest (D:5)
  2 orcs (D:5)
6 creatures vanquished.

Vanquished Creatures (others)
  A wolf (D:8)
  A crimson imp (D:6)
2 creatures vanquished.

Grand Total: 147 creatures vanquished

Notes
Turn   | Place    | Note
-------+----------+-------------------------------------------
     0 | D:1      | Liatris the Demonspawn Gladiator began the quest for the Orb.
     0 | D:1      | Reached XP level 1. HP: 16/16 MP: 1/1
   190 | D:1      | Gained mutation: You regenerate a little health from kills. [demonic ancestry]
   190 | D:1      | Reached XP level 2. HP: 21/22 MP: 2/2
   776 | D:1      | Gained mutation: You have sharp fingernails. [demonic ancestry]
   776 | D:1      | Reached XP level 3. HP: 28/28 MP: 3/3
  1568 | D:2      | Found a bloodstained altar of Trog.
  1860 | D:2      | Gained mutation: A weak demonic guardian rushes to your aid. [demonic ancestry]
  1860 | D:2      | Reached XP level 4. HP: 31/34 MP: 4/4
  2444 | D:2      | Found an ancient bone altar of Kikubaaqudgha.
  2651 | D:4      | Reached skill level 1 in Armour
  2656 | D:4      | Reached XP level 5. HP: 38/39 MP: 5/5
  2686 | D:4      | Noticed a phantom
  2702 | D:4      | Killed a phantom
  2911 | D:4      | Found a white marble altar of Elyvilon.
  3150 | D:4      | Reached XP level 6. HP: 40/46 MP: 6/6
  3299 | D:5      | Entered Level 5 of the Dungeon
  3313 | D:5      | Reached skill level 1 in Short Blades
  3559 | D:5      | Reached skill level 2 in Short Blades
  3572 | D:5      | Noticed Menkaure
  3618 | D:5      | Found a glowing golden altar of the Shining One.
  4028 | D:5      | Gained mutation: You are partially covered in iridescent scales. (AC +2) [demonic ancestry]
  4028 | D:5      | Reached XP level 7. HP: 52/52 MP: 7/7
  4168 | D:5      | Reached skill level 3 in Short Blades
  4192 | D:5      | Found a sparkling altar of Nemelex Xobeh.
  4289 | D:6      | Found a staircase to the Ecumenical Temple.
  4314 | Temple   | Entered the Ecumenical Temple
  4474 | Temple   | Became a worshipper of Uskayaw the Reveler
  4647 | D:6      | Reached * piety under Uskayaw
  4649 | D:6      | Reached ** piety under Uskayaw
  4671 | D:6      | Noticed Pikel
  4702 | D:6      | Reached *** piety under Uskayaw
  4704 | D:6      | Killed Pikel
  4704 | D:6      | Reached skill level 4 in Short Blades
  4704 | D:6      | Reached skill level 1 in Stealth
  4704 | D:6      | Gained mutation: You are mostly covered in iridescent scales. (AC +4) [demonic ancestry]
  4704 | D:6      | Reached XP level 8. HP: 38/60 MP: 4/8
  4853 | D:6      | Noticed Sigmund
  4859 | D:6      | Killed Sigmund
  4873 | D:6      | Found a blossoming altar of Fedhas.
  5032 | D:6      | Reached skill level 5 in Short Blades
  5124 | D:6      | Noticed Eustachio
  5140 | D:6      | Killed Eustachio
  5252 | D:6      | Reached **** piety under Uskayaw
  5870 | D:6      | Reached ***** piety under Uskayaw
  5871 | D:6      | Reached skill level 6 in Short Blades
  6095 | D:7      | Reached skill level 5 in Fighting
  6138 | D:7      | Gained mutation: You regenerate health from kills. [demonic ancestry]
  6138 | D:7      | Reached XP level 9. HP: 63/68 MP: 9/9
  6175 | D:7      | Noticed Prince Ribbit
  6184 | D:7      | Killed Prince Ribbit
  6203 | D:7      | Noticed Dowan
  6208 | D:7      | Noticed Duvessa
  6222 | D:7      | Killed Dowan
  6256 | D:7      | Killed Duvessa
  6319 | D:7      | Reached skill level 7 in Short Blades
  6327 | D:7      | Reached skill level 5 in Armour
  6481 | D:7      | Gained mutation: Scrolls take you a little longer to read. [potion of mutation]
  6481 | D:7      | Gained mutation: Scrolls take you longer to read. [potion of mutation]
  6481 | D:7      | Gained mutation: You have a pair of small horns on your head. [potion of mutation]
  6763 | D:8      | Noticed Erica
  6777 | D:8      | Noticed Grum
  6790 | D:8      | Killed from afar by Erica

Skill      XL: |  1  2  3  4  5  6  7  8  9 |
---------------+----------------------------+-----
Throwing       | 2 |  2.0
Dodging        | 3 4 |  4.2
Axes           | 3 4 |  4.8
Armour         | 1 2 3 4 5 |  5.1
Short Blades   | 2 4 6 7 |  7.2
Fighting       | 3 5 |  5.2
Stealth        | 1 2 |  2.6
Evocations     | |  0.6

Action                   |  1- 3 |  4- 6 |  7- 9 || total
-------------------------+-------+-------+-------++-------
Melee: War axe           |   116 |    55 |       ||   171
       Short sword       |       |   131 |   344 ||   475
       Headbutt          |       |       |     7 ||     7
Evoke: Wand              |       |       |     3 ||     3
  Use: Scroll            |     7 |    10 |     9 ||    26
       Potion            |     5 |       |     5 ||    10
 Stab: Sleeping          |     6 |       |       ||     6
       Distracted        |       |     1 |       ||     1
       Paralysed         |       |       |     7 ||     7
  Eat: Meat ration       |     1 |       |     1 ||     2
       Fruit             |       |     4 |       ||     4
       Bread ration      |       |     1 |     2 ||     3
       Royal jelly       |       |       |     1 ||     1
Armor: Leather armour    |    41 |    19 |       ||    60
       Scale mail        |       |    44 |    80 ||   124
Dodge: Dodged            |    82 |    89 |   126 ||   297
